SL
PHOENIX HOTSPUR @ ST. LOUIS COEUR
08/09/2034
 
TOP OF THE 1ST
Phoenix Hotspur batting - Pitching for St. Louis Coeur : RHP David Moore
Pitching: RHP David Moore
Batting: RHB Lopahin Davletyarov 0-0: SINGLE (Line Drive, 6MD)
Batting: RHB Dale Everest 0-0: Called Strike
0-1: Fielders Choice at 2nd, 4-6 (Groundball, 34)
Batting: LHB Tadayoshi Watanabe 0-0: Ball
1-0: Swinging Strike
1-1: Foul Ball, location: 2F
1-2: Foul Ball, location: 2F
1-2: Ball
2-2: Ball
3-2: Strikes out swinging
Batting: LHB Harumi Takaki 0-0: Ball
1-0: Ball
2-0: Called Strike
2-1: Foul Ball, location: 2F
2-2: SINGLE (Groundball, 34) (infield hit)
Dale Everest to second
Batting: RHB Martín Talia 0-0: Swinging Strike
0-1: Swinging Strike
0-2: Ball
1-2: 3-RUN HOME RUN (Flyball, 89XD), Distance : 429 ft
Batting: LHB Francisco García 0-0: DOUBLE (Line Drive, 89M)
Batting: RHB Julián De Paz 0-0: Foul Ball, location: 2F
0-1: Foul Ball, location: 2F
0-2: Ground out 5-3 (Groundball, 56S)
Top of the 1st over - 3 runs, 4 hits, 0 errors, 1 left on base; Phoenix 3 - St. Louis 0
BOTTOM OF THE 1ST
St. Louis Coeur batting - Pitching for Phoenix Hotspur : RHP José Quiñones
Pitching: RHP José Quiñones
Batting: LHB Noel Ballard 0-0: Called Strike
0-1: Foul Ball, location: 2F
0-2: Ball
1-2: Strikes out swinging
Batting: RHB Raúl Ortíz 0-0: Called Strike
0-1: SINGLE (Groundball, 6MD)
Batting: RHB Nobuhisa Murakami 0-0: Ball
1-0: Ball
2-0: Called Strike
2-1: Fly out, F7 (Flyball, 7S)
Batting: LHB Albert Morán 0-0: Called Strike
0-1: Ball
1-1: Swinging Strike
1-2: Ball
2-2: Foul Ball, location: 2F
2-2: Ball
3-2: Foul Ball, location: 2F
3-2: Ground out 4-3 (Groundball, 4)
Bottom of the 1st over - 0 runs, 1 hit, 0 errors, 1 left on base; Phoenix 3 - St. Louis 0
TOP OF THE 2ND
Phoenix Hotspur batting - Pitching for St. Louis Coeur : RHP David Moore
Batting: LHB Mare Riseley 0-0: Ball
1-0: Called Strike
1-1: Foul Ball, location: 2F
1-2: Strikes out swinging
Batting: RHB George Robinson 0-0: Foul Ball, location: 2F
0-1: Foul Ball, location: 2F
0-2: SINGLE (Groundball, 56D)
Batting: RHB Lopahin Davletyarov 0-0: Called Strike
0-1: Swinging Strike
0-2: Foul Ball, location: 2F
0-2: Foul Ball, location: 2F
0-2: Strikes out swinging
Batting: RHB Dale Everest 0-0: Foul Ball, location: 2F
0-1: Foul Ball, location: 2F
0-2: Ball
1-2: Fly out, F9 (Line Drive, 9)
Top of the 2nd over - 0 runs, 1 hit, 0 errors, 1 left on base; Phoenix 3 - St. Louis 0
BOTTOM OF THE 2ND
St. Louis Coeur batting - Pitching for Phoenix Hotspur : RHP José Quiñones
Batting: RHB Syed Sarkar 0-0: Ball
1-0: Swinging Strike
1-1: Ground out 6-3 (Groundball, 6)
Batting: RHB Tumas Wenzu 0-0: Ball
1-0: SINGLE (Line Drive, 78S)
Batting: RHB Phil McCroskey 0-0: Called Strike
0-1: Ball
1-1: Ball
2-1: Foul Ball, location: 2F
2-2: Foul Ball, location: 2F
2-2: Fly out, F9 (Flyball, 9)
Batting: LHB Kade Eagleton 0-0: Ball
1-0: Ground out U3 (Groundball, 34)
Bottom of the 2nd over - 0 runs, 1 hit, 0 errors, 1 left on base; Phoenix 3 - St. Louis 0
TOP OF THE 3RD
Phoenix Hotspur batting - Pitching for St. Louis Coeur : RHP David Moore
Batting: LHB Tadayoshi Watanabe 0-0: Ball
1-0: Foul Ball, location: 2F
1-1: Fly out, F7 (Flyball, 7D)
Batting: LHB Harumi Takaki 0-0: Called Strike
0-1: Foul Ball, location: 2F
0-2: Ball
1-2: Strikes out swinging
Batting: RHB Martín Talia 0-0: Ball
1-0: Ball
2-0: Ball
3-0: Ground out 4-3 (Groundball, 4S)
Top of the 3rd over - 0 runs, 0 hits, 0 errors, 0 left on base; Phoenix 3 - St. Louis 0
BOTTOM OF THE 3RD
St. Louis Coeur batting - Pitching for Phoenix Hotspur : RHP José Quiñones
Batting: RHB José Santos 0-0: Called Strike
0-1: Ball
1-1: Called Strike
1-2: Ball
2-2: Ground out 6-3 (Groundball, 6)
Batting: LHB Noel Ballard 0-0: Ball
1-0: Called Strike
1-1: Ball
2-1: Fly out, F9 (Flyball, 9)
Batting: RHB Raúl Ortíz 0-0: Ball
1-0: Ball
2-0: Ball
3-0: Base on Balls
Batting: RHB Nobuhisa Murakami 0-0: Ball
1-0: Called Strike
1-1: Fly out, F9 (Flyball, 9)
Bottom of the 3rd over - 0 runs, 0 hits, 0 errors, 1 left on base; Phoenix 3 - St. Louis 0
TOP OF THE 4TH
Phoenix Hotspur batting - Pitching for St. Louis Coeur : RHP David Moore
Batting: LHB Francisco García 0-0: Ball
1-0: Called Strike
1-1: Foul Ball, location: 2F
1-2: Strikes out swinging
Batting: RHB Julián De Paz 0-0: Ball
1-0: Ball
2-0: Called Strike
2-1: Called Strike
2-2: Ball
3-2: SINGLE (Groundball, 6MD)
Batting: LHB Mare Riseley 0-0: Called Strike
0-1: Fly out, F5 (Popup, 56S)
Batting: RHB George Robinson 0-0: Called Strike
0-1: Swinging Strike
0-2: Ball
1-2: Foul Ball, location: 2F
1-2: Strikes out swinging
Top of the 4th over - 0 runs, 1 hit, 0 errors, 1 left on base; Phoenix 3 - St. Louis 0
BOTTOM OF THE 4TH
St. Louis Coeur batting - Pitching for Phoenix Hotspur : RHP José Quiñones
Batting: LHB Albert Morán 0-0: Ball
1-0: Fly out, F4 (Line Drive, 4)
Batting: RHB Syed Sarkar 0-0: Ball
1-0: Ground out 1-3 (Groundball, 15S)
Batting: RHB Tumas Wenzu 0-0: Called Strike
0-1: Foul Ball, location: 2F
0-2: Strikes out swinging
Bottom of the 4th over - 0 runs, 0 hits, 0 errors, 0 left on base; Phoenix 3 - St. Louis 0
TOP OF THE 5TH
Phoenix Hotspur batting - Pitching for St. Louis Coeur : RHP David Moore
Batting: RHB Lopahin Davletyarov 0-0: TRIPLE (Groundball, 3L)
Batting: RHB Dale Everest 0-0: Called Strike
0-1: Ball
1-1: Ball
2-1: Foul Ball, location: 2F
2-2: Ball
3-2: Fly out, F8 (Flyball, 8LS)
Runner from 3rd tags up, SCORES, throw made
Batting: LHB Tadayoshi Watanabe 0-0: Ball
1-0: Called Strike
1-1: SINGLE (Flyball, 89S)
Batting: LHB Harumi Takaki 0-0: Ball
1-0: Ball
2-0: Called Strike
2-1: Called Strike
2-2: Ball
3-2: SINGLE (Groundball, 4MD)
Tadayoshi Watanabe to second
Batting: RHB Martín Talia 0-0: Fly out, F8 (Flyball, 8LS)
Batting: LHB Francisco García 0-0: Called Strike
0-1: Ball
1-1: Called Strike
1-2: Foul Ball, location: 2F
1-2: Fielders Choice at 2nd, 6-4 (Groundball, 6)
Top of the 5th over - 1 run, 3 hits, 0 errors, 2 left on base; Phoenix 4 - St. Louis 0
BOTTOM OF THE 5TH
St. Louis Coeur batting - Pitching for Phoenix Hotspur : RHP José Quiñones
Batting: RHB Phil McCroskey 0-0: Ball
1-0: Foul Ball, location: 2F
1-1: Fly out, F9 (Flyball, 9LM)
Batting: LHB Kade Eagleton 0-0: Ball
1-0: Called Strike
1-1: Ball
2-1: Ground out U3 (Groundball, 3L)
Batting: RHB José Santos 0-0: Ball
1-0: Foul Ball, location: 2F
1-1: Fly out, F9 (Flyball, 9D)
Bottom of the 5th over - 0 runs, 0 hits, 0 errors, 0 left on base; Phoenix 4 - St. Louis 0
TOP OF THE 6TH
Phoenix Hotspur batting - Pitching for St. Louis Coeur : RHP David Moore
Batting: RHB Julián De Paz 0-0: Ball
1-0: Swinging Strike
1-1: Ball
2-1: Fly out, F8 (Flyball, 8RD)
Batting: LHB Mare Riseley 0-0: Called Strike
0-1: Ball
1-1: Ball
2-1: Ball
3-1: Foul Ball, location: 2F
3-2: Foul Ball, location: 2F
3-2: Strikes out swinging
Batting: RHB George Robinson 0-0: Foul Ball, location: 2F
0-1: Ball
1-1: Swinging Strike
1-2: Strikes out swinging
Top of the 6th over - 0 runs, 0 hits, 0 errors, 0 left on base; Phoenix 4 - St. Louis 0
BOTTOM OF THE 6TH
St. Louis Coeur batting - Pitching for Phoenix Hotspur : RHP José Quiñones
Batting: LHB Noel Ballard 0-0: Fly out, F7 (Flyball, 7S)
Batting: RHB Raúl Ortíz 0-0: Ball
1-0: Ground out 4-3 (Groundball, 4)
Batting: RHB Nobuhisa Murakami 0-0: Ball
1-0: Fly out, F8 (Flyball, 8RD)
Bottom of the 6th over - 0 runs, 0 hits, 0 errors, 0 left on base; Phoenix 4 - St. Louis 0
TOP OF THE 7TH
Phoenix Hotspur batting - Pitching for St. Louis Coeur : RHP David Moore
Batting: RHB Lopahin Davletyarov 0-0: Ball
1-0: Foul Ball, location: 2F
1-1: Foul Ball, location: 2F
1-2: Ball
2-2: Strikes out looking
Batting: RHB Dale Everest 0-0: Called Strike
0-1: Fly out, F9 (Flyball, 9LM)
Batting: LHB Tadayoshi Watanabe 0-0: SINGLE (Groundball, 4MD)
Pitching: RHP Darren Garland
Batting: LHB Harumi Takaki 0-0: Called Strike
0-1: Foul Ball, location: 2F
0-2: Strikes out swinging
Top of the 7th over - 0 runs, 1 hit, 0 errors, 1 left on base; Phoenix 4 - St. Louis 0
BOTTOM OF THE 7TH
St. Louis Coeur batting - Pitching for Phoenix Hotspur : RHP José Quiñones
Batting: LHB Albert Morán 0-0: Ball
1-0: Swinging Strike
1-1: Ball
2-1: Ball
3-1: Called Strike
3-2: Fly out, F9 (Flyball, 9S)
Batting: RHB Syed Sarkar 0-0: Ball
1-0: Ground out 6-3 (Groundball, 6)
Batting: RHB Tumas Wenzu 0-0: Ball
1-0: Called Strike
1-1: Fly out, F8 (Line Drive, 8RXD)
Bottom of the 7th over - 0 runs, 0 hits, 0 errors, 0 left on base; Phoenix 4 - St. Louis 0
TOP OF THE 8TH
Phoenix Hotspur batting - Pitching for St. Louis Coeur : RHP Darren Garland
Batting: RHB Martín Talia 0-0: Called Strike
0-1: Ground out U3 (Groundball, 34)
Batting: LHB Francisco García 0-0: Ball
1-0: Called Strike
1-1: Ball
2-1: Ground out 5-3 (Groundball, 56)
Batting: RHB Julián De Paz 0-0: SINGLE (Groundball, 56D)
Batting: LHB Mare Riseley 0-0: Called Strike
0-1: Ball
1-1: Ball
Wild Pitch!
Julián De Paz to second
2-1: Swinging Strike
2-2: Foul Ball, location: 2F
2-2: Strikes out swinging
Top of the 8th over - 0 runs, 1 hit, 0 errors, 1 left on base; Phoenix 4 - St. Louis 0
BOTTOM OF THE 8TH
St. Louis Coeur batting - Pitching for Phoenix Hotspur : RHP José Quiñones
Batting: RHB Phil McCroskey 0-0: Ball
1-0: Ball
2-0: Ball
3-0: Called Strike
3-1: Base on Balls
Batting: LHB Kade Eagleton 0-0: Fly out, F8 (Line Drive, 8LM)
Batting: RHB José Santos 0-0: Ball
1-0: Called Strike
1-1: Ball
2-1: Called Strike
2-2: Ball
3-2: Ground out 5-3 (Groundball, 56S)
Phil McCroskey to second
Batting: LHB Noel Ballard 0-0: Ball
1-0: Ball
2-0: Foul Ball, location: 2F
2-1: Foul Ball, location: 2F
2-2: Ball
3-2: Strikes out swinging
Bottom of the 8th over - 0 runs, 0 hits, 0 errors, 1 left on base; Phoenix 4 - St. Louis 0
TOP OF THE 9TH
Phoenix Hotspur batting - Pitching for St. Louis Coeur : RHP Darren Garland
Batting: RHB George Robinson 0-0: Called Strike
0-1: Foul Ball, location: 2F
0-2: Ball
1-2: Strikes out swinging
Batting: RHB Lopahin Davletyarov 0-0: Called Strike
0-1: Ball
1-1: Foul Ball, location: 2F
1-2: Ball
2-2: Ball
3-2: Strikes out swinging
Batting: RHB Dale Everest 0-0: Ball
1-0: Ball
2-0: Ball
3-0: Base on Balls
Batting: LHB Tadayoshi Watanabe 0-0: Called Strike
Dale Everest is caught stealing 2nd base
Top of the 9th over - 0 runs, 0 hits, 0 errors, 0 left on base; Phoenix 4 - St. Louis 0
BOTTOM OF THE 9TH
St. Louis Coeur batting - Pitching for Phoenix Hotspur : RHP José Quiñones
Batting: RHB Raúl Ortíz 0-0: SOLO HOME RUN (Line Drive, 78XD), Distance : 442 ft
Pitching: RHP Richard Osborn
Batting: RHB Nobuhisa Murakami 0-0: Called Strike
0-1: Ball
1-1: Foul Ball, location: 2F
1-2: Ball
2-2: Strikes out looking
Batting: LHB Albert Morán 0-0: Ball
1-0: Called Strike
1-1: Called Strike
1-2: Foul Ball, location: 2F
1-2: Ball
2-2: Foul Ball, location: 2F
2-2: Ball
3-2: Strikes out swinging
Batting: RHB Syed Sarkar 0-0: Ball
1-0: Swinging Strike
1-1: Ball
2-1: Called Strike
2-2: Foul Ball, location: 2F
2-2: Strikes out swinging
Bottom of the 9th over - 1 run, 1 hit, 0 errors, 0 left on base; Phoenix 4 - St. Louis 1
Friday, March 29th, 2019 - OOTP Baseball 18.8 Build 76